 Dungeon Crawl Stone Soup version 0.23-a0-32-g1388f29 (webtiles) character file.

366 glosham the Fighter (level 7, -9/62 HPs)
             Began as a Formicid Berserker on Aug 4, 2018.
             Was a Believer of Trog.
             Mangled by an ogre
             ... wielding a +0 giant club
              (17 damage)
             ... on level 7 of the Dungeon.
             The game lasted 00:19:33 (939 turns).

glosham the Fighter (Formicid Berserker)             Turns: 939, Time: 00:19:33

Health: -9/62      AC:  9    Str: 25    XL:     7   Next: 0%
Magic:  7/7        EV:  8    Int:  7    God:    Trog [**....]
Gold:   102        SH:  0    Dex: 10    Spells: 6/6 levels left

rFire    . . .     SeeInvis +   a - +0 hand axe
rCold    . . .     Gourm    .   (no shield)
rNeg     . . .     Faith    .   g - +0 chain mail
rPois    .         Spirit   .   (helmet unavailable)
rElec    .         Reflect  .   i - +0 cloak
rCorr    .         Harm     .   (no gloves)
MR       .....                  (no boots)
Stlth    ..........             (no amulet)
HPRegen  0.20/turn              (no ring)
MPRegen  0.10/turn              (no ring)

@: no status effects
A: permanent stasis, dig shafts and tunnels, four strong arms, antennae 3,
hooves 1, strong 1, wild magic 1
a: Dig, Shaft Self, Trog's Hand, Renounce Religion


You were on level 7 of the Dungeon.
You worshipped Trog.
Trog was pleased with you.
You were not hungry.

You visited 1 branch of the dungeon, and saw 8 of its levels.

You collected 102 gold pieces.

Inventory:

Hand Weapons
 a - a +0 hand axe (weapon)
Missiles
 d - 6 curare-tipped needles
Armour
 g - a +0 chain mail (worn)
 i - a +0 cloak (worn)
Potions
 f - a potion of brilliance
 h - a potion of cancellation
Comestibles
 b - 3 chunks of flesh
 c - a ration


   Skills:
 * Level 8.0 Fighting
 - Level 3.0 Axes
 - Level 2.1 Armour
 - Level 1.7 Dodging


You had 6 spell levels left.
You didn't know any spells.
Your spell library was empty.

Dungeon Overview and Level Annotations

Branches:
Dungeon (8/15)
 Temple: D:4-7         Lair: D:8-11

Altars:
Dithmenos
Wu Jian
The Shining One

Annotations:
D:6 Eustachio


Innate Abilities, Weirdness & Mutations

You cannot be hasted, slowed, berserked, paralysed or teleported.
You can dig through walls and to a lower floor.
Your four strong arms can wield two-handed weapons with a shield.
You have a pair of large antennae on your head. (SInv)
You have large cloven feet.
Your muscles are strong. (Str +2)
Your spells are a little harder to cast, but a little more powerful.


Message History

You feel sick.
Found a stone staircase leading up.
There is a stone staircase leading down here.
You feel sick.
An ogre comes into view. It is wielding a giant club.
You feel sick.
The ogre shouts!
You hear a shout!
You open the door.
There is an open door here.
You feel sick.
You are no longer poisoned.
Something unseen opens the door.
You open the door.
There is an open door here.
Found 16 gold pieces.
It was a potion of haste.
Your stasis prevents you from being hasted.
You hit the ogre but do no damage. Your kick misses the ogre.
The ogre closely misses you.
You hit the ogre. You kick the ogre, but do no damage.
The ogre is lightly wounded.
The ogre closely misses you.
You hit the ogre but do no damage. You kick the ogre, but do no damage.
The ogre is lightly wounded.
The ogre closely misses you.
You hit the ogre but do no damage.
The ogre is lightly wounded.
The ogre hits you with a giant club!
* * * LOW HITPOINT WARNING * * *
You closely miss the ogre. You kick the ogre.
The ogre is lightly wounded.
Your chain mail prevents you from hitting the ogre.
Your kick misses the ogre.
The ogre is lightly wounded.
The ogre hits you with a giant club!
* * * LOW HITPOINT WARNING * * *
You barely miss the ogre. You kick the ogre.
The ogre is lightly wounded.
The ogre hits you with a giant club!
You die...

#O.......,,,,,,,,,,*,,,*,,
#........,.......,,*,,,*,,
#........,.......,,*,,,*,,
***####........,...$..,,,*+***,,
*,,#....##'#####....#+**,,,,,*,,
*,,#....'......#....+,,*,,,,,*,,
*,,#....#.....z#....#,,*,,,,,*,,
*,,#....######O#....#,,*,,,,,**+
*,,###...>.....@....#,,*,,,,,*,,
*,,,,#..............#,,*,,,,,+,,
*,,,,#..............#,,*,,,,,*,,
*,,,,#..............#,,*,,,,,*,,
*,,,,#..............#*+*,,,,,***
*,,,,########.........,,,,,,,,,,
*,,,,,,,,,,,#.....<....,,,,,,,,,
*,,,,,,,,,,,#..........,,,,,,,,,
*,,,,**,,,,,*,.....,,,,,,,,,,,,,


You could see an ogre and a wight.

Vanquished Creatures
  A hungry ghost (D:8)
  An ogre (D:4)
  A bullfrog (D:8)
  A scorpion (D:8)
  An ooze (D:3)
  A leopard gecko (D:3)
  3 orcs (D:3)
  A bat (D:3)
  2 giant cockroaches
  4 goblins
  6 hobgoblins
  6 jackals
  3 kobolds
  A quokka (D:3)
  2 frilled lizards
  4 rats
38 creatures vanquished.

Notes
Turn   | Place    | Note
-------+----------+-------------------------------------------
     0 | D:1      | glosham the Formicid Berserker began the quest for the Orb.
     0 | D:1      | Reached XP level 1. HP: 18/18 MP: 1/1
    42 | D:1      | You fall through a shaft!
    45 | D:2      | You fall through a shaft for 2 floors!
    45 | D:4      | Noticed an ogre
    56 | D:4      | Killed an ogre
    56 | D:4      | Reached skill level 5 in Fighting
    56 | D:4      | Reached XP level 2. HP: 6/27 MP: 2/2
    56 | D:4      | Reached XP level 3. HP: 8/33 MP: 3/3
    56 | D:4      | Reached XP level 4. HP: 10/39 MP: 4/4
   178 | D:2      | Found an ornate altar of the Wu Jian Council.
   358 | D:2      | Reached ** piety under Trog
   358 | D:2      | Reached XP level 5. HP: 38/46 MP: 5/5
   480 | D:3      | Reached skill level 6 in Fighting
   583 | D:3      | Found a faded altar of an unknown god.
   618 | D:5      | Entered Level 5 of the Dungeon
   626 | D:6      | Noticed Eustachio
   645 | D:6      | Gained mutation: You have large cloven feet. [potion of mutation]
   645 | D:6      | Gained mutation: Your muscles are strong. (Str +2) [potion of mutation]
   645 | D:6      | Gained mutation: Your spells are a little harder to cast, but a little more powerful. [potion of mutation]
   648 | D:6      | You fall through a shaft for 2 floors!
   683 | D:8      | Found a shadowy altar of Dithmenos.
   687 | D:8      | Noticed a hungry ghost
   714 | D:8      | Killed a hungry ghost
   714 | D:8      | Reached skill level 7 in Fighting
   714 | D:8      | Reached XP level 6. HP: 21/55 MP: 6/6
   817 | D:7      | Found a glowing golden altar of the Shining One.
   907 | D:8      | Reached skill level 8 in Fighting
   907 | D:8      | Reached XP level 7. HP: 26/62 MP: 7/7
   939 | D:7      | Mangled by an ogre

Vault maps used:
D:1:      dpeg_arrival_water_temple_mockup, minmay_tall_x
D:2:      gammafunk_temple_overflow_wave, lemuel_round_altar
D:3:      chequers_ecumenical_altar_simple_redux, grunt_decor_clamped
D:4:      lemuel_coloured_pillars_altar, first_ration, uniq_blork_the_orc
D:6:      minmay_temple_entry_glass, serial_shops, nicolae_shop_behind_doors,
          basic_altar, uniq_pikel, uniq_eustachio
D:7:      grunt_temple_overflow_champion_of_chaos,
          nicolae_overflow_hidden_temple, enter_bailey_2
D:8:      nicolae_ashenzari_panopticon, elyvilon_altar_4,
          nicolae_dithmenos_the_darkroom, uniq_maurice

Skill      XL: |  1  2  3  4  5  6 |
---------------+-------------------+-----
Fighting       | 5 7 8 |  8.0
Axes           | |  3.0
Armour         | |  2.1
Dodging        | |  1.7

Action                   |  1- 3 |  4- 6 |  7- 9 || total
-------------------------+-------+-------+-------++-------
Melee: Hand axe          |     9 |   152 |     7 ||   168
       Kick              |       |    10 |     4 ||    14
Throw: Throwing net      |       |     2 |       ||     2
 Abil: Shaft Self        |     2 |     1 |       ||     3
  Use: Scroll            |     2 |     3 |     1 ||     6
       Potion            |     2 |     1 |     1 ||     4
  Eat: Ration            |       |     3 |       ||     3
       Chunk             |       |       |     1 ||     1
Armor: Skin              |     4 |       |       ||     4
       Chain mail        |       |    91 |       ||    91
       Animal skin       |       |     1 |       ||     1
Dodge: Dodged            |       |    67 |     3 ||    70

Table legend:
 A = Spawn XP
 B = Non-spawn XP
 C = Spawn XP percentage of total XP
 D = Spawn monster count
 E = Non-spawn monster count
 F = Spawn count percentage of total count
 G = Total turns spent on level
                    A         B        C        D         E        F      G
               +---------+---------+-------+---------+---------+-------+---------
         Total |       0 |     523 |   0.0 |       0 |      38 |   0.0 |   939
               +---------+---------+-------+---------+---------+-------+---------
           D:1 |       0 |      14 |   0.0 |       0 |       8 |   0.0 |   221
           D:2 |       0 |       8 |   0.0 |       0 |       5 |   0.0 |   109
           D:3 |       0 |      48 |   0.0 |       0 |      21 |   0.0 |   221
           D:4 |       0 |     116 |   0.0 |       0 |       1 |   0.0 |    67
           D:8 |       0 |     337 |   0.0 |       0 |       3 |   0.0 |   255
               +---------+---------+-------+---------+---------+-------+---------

Table legend:
 A = Turns spent in this place as a percentage of turns spent in the entire game.
 B = Non-inter-level travel turns spent in this place as a percentage of non-inter-level travel turns spent in the entire game.
 C = Inter-level travel turns spent in this place as a percentage of turns spent in this place.
 D = Turns resting spent in this place as a percentage of non-inter-level travel turns spent in this place.
 E = Turns spent auto-exploring this place as a percentage of non-inter-level travel turns spent in this place.
 F = Non-inter-level travel turns spent in this place divided by the number of levels of this place that you've seen.
                   A       B       C       D       E      F
               +-------+-------+-------+-------+-------+----------------------
         Total | 100.0 | 100.0 |   0.0 |   2.1 |   0.0 | 117.4
       Dungeon | 100.0 | 100.0 |   0.0 |   2.1 |   0.0 | 117.4
               +-------+-------+-------+-------+-------+----------------------

Table legend:
 A = Kills in this place as a percentage of kills in entire the game.
 B = Kills by you in this place as a percentage of kills by you in the entire game.
 C = Kills by friends in this place as a percentage of kills by friends in the entire game.
 D = Other kills in this place as a percentage of other kills in the entire game.
 E = Experience gained in this place as a percentage of experience gained in the entire game.
 F = Experience gained in this place divided by the number of levels of this place that you have seen.
                   A       B       C       D       E      F
               +-------+-------+-------+-------+-------+----------------------
         Total | 100.0 | 100.0 |   N/A |   N/A | 100.0 |  65.4
       Dungeon | 100.0 | 100.0 |   N/A |   N/A | 100.0 |  65.4
               +-------+-------+-------+-------+-------+----------------------

Vault maps used:
D:1:      dpeg_arrival_water_temple_mockup, minmay_tall_x
D:2:      gammafunk_temple_overflow_wave, lemuel_round_altar
D:3:      chequers_ecumenical_altar_simple_redux, grunt_decor_clamped
D:4:      lemuel_coloured_pillars_altar, first_ration, uniq_blork_the_orc
D:6:      minmay_temple_entry_glass, serial_shops, nicolae_shop_behind_doors,
          basic_altar, uniq_pikel, uniq_eustachio
D:7:      grunt_temple_overflow_champion_of_chaos,
          nicolae_overflow_hidden_temple, enter_bailey_2
D:8:      nicolae_ashenzari_panopticon, elyvilon_altar_4,
          nicolae_dithmenos_the_darkroom, uniq_maurice
